 Dungeon Crawl Stone Soup version 0.31.0-9-g3a7656b989 (webtiles) character file.

Game seed: 18377549575494534737

9 Colgate the Poker (level 2, 24/24 HPs)
             Began as a Demonspawn Chaos Knight on Feb 3, 2024.
             Was a Plaything of Xom.
             Quit the game on level 1 of the Dungeon.
             The game lasted 00:00:07 (155 turns).

Colgate the Poker (Demonspawn Chaos Knight)          Turns: 155, Time: 00:00:07

Health: 24/24      AC:  5    Str: 12    XL:     2   Next: 3%
Magic:  2/2        EV: 11    Int: 12    God:    Xom [..*...]
Gold:   0          SH:  0    Dex: 12    Spells: 1/1 levels left

rFire   . . .        a - +0 spear (chaos)
rCold   . . .        (no shield)
rNeg    . . .        b - +2 leather armour
rPois   .            (helmet restricted)
rElec   .            (no cloak)
rCorr   .            (no gloves)
SInv    .            (no boots)
Will    .....        (no amulet)
Stlth   +            (no ring)
HPRegen 0.24/turn    (no ring)
MPRegen 0.08/turn

%: no passive effects
@: no status effects
A: horns 1
a: Renounce Religion


You were on level 1 of the Dungeon.
You worshipped Xom.
You were a toy of Xom.
You visited 1 branch of the dungeon, and saw 1 of its levels.

Inventory:

Hand Weapons
 a - a +0 spear of chaos (weapon)
Armour
 b - a +2 leather armour (worn)
Scrolls
 c - a scroll of butterflies
Potions
 d - a potion of lignification {unknown}


   Skills:
 - Level 3.0 Fighting
 + Level 3.2 Polearms
 - Level 1.7 Armour
 - Level 0.8 Dodging


You had one spell level left.
You didn't know any spells.
Your spell library contained the following spells:

 Spells                   Type           Power      Damage    Failure   Level
 Lesser Beckoning         Tloc           0%         N/A       54%         2
 Gell's Gravitas          Tloc           0%         N/A       77%         3
 Teleport Other           Tloc           0%         N/A       77%         3


Dungeon Overview and Level Annotations

Branches:
Dungeon (1/15)

Altars:


Innate Abilities, Weirdness & Mutations

You have a pair of small horns on your head.


Message History

No target in view!
Key pressed, stopping explore.
No target in view!
A dart slug comes into view.
You see here a +0 short sword.
A dart slug is nearby!
A dart slug is nearby!
A dart slug is nearby!
You reach to attack!
You hit the dart slug but do no damage.
A dart slug is nearby!
You hit the dart slug. You freeze the dart slug. The dart slug misses you.
A dart slug is nearby!
You hit the dart slug.
Lightning courses through the dart slug!
You kill the dart slug!
Key pressed, stopping explore.
No target in view!
Key pressed, stopping explore.
No target in view!
Key pressed, stopping explore.
No target in view!
A jackal comes into view.
The jackal barks!
You hear a bark! x2
A jackal comes into view.
The jackal barks!
The jackal moves out of view.
A jackal comes into view.
There are monsters nearby!
You reach to attack!
The jackal barks!
You hit the jackal.
The jackal appears confused.
There are monsters nearby!
You strike the helpless jackal from behind!
You hit the jackal.
You kill the jackal!
A kobold comes into view. It is wielding a +0 short sword.
You have reached level 2!
Your demonic ancestry asserts itself...
A pair of horns grows on your head!
Are you sure you want to abandon this character and quit the game? (Confirm with "yes".)

#.....##.#+## #.. ..
#.....##....# #..# K..
#.....##....# #... ..h.
#.....##....###...
....###.....##.#........
...h.......##.#########
#........#...........
###..†.....#.#.#.#.#.#.
#.....@.#+#.#.#.#.#.#.#
.........# ##.#.~~~~~.#.
.........# #.#.#≈...≈#.#
...####... ##.#.≈...≈.#.
.. .....#.#.#≈.<.≈#.# .
.....###.#.≈≈≈≈≈.#.
......# .#.#.#.#.#.#
.......# #.#.#.#.#.#.
........# # #### ####.


You could see 2 jackals and a kobold (wandering).

Vanquished Creatures
  A dart slug (D:1)
  2 ball pythons (D:1)
  A goblin (D:1)
  A jackal (D:1)
  A kobold (D:1)
  A rat (D:1)
7 creatures vanquished.

Notes
Turn   | Place    | Note
-------+----------+-------------------------------------------
     0 | D:1      | Colgate the Demonspawn Chaos Knight began the quest for the
                  | Orb.
     0 | D:1      | Reached XP level 1. HP: 18/18 MP: 1/1
    85 | D:1      | XOM: divination: detect items
   155 | D:1      | Gained mutation: You have a pair of small horns on your
                  | head. [demonic ancestry]
   155 | D:1      | Reached XP level 2. HP: 24/24 MP: 2/2
   155 | D:1      | Quit the game

Illustrated notes

Levels and vault maps discovered:
D:1:      ncdulo_watergridlock, layout_basic

Skill      XL: |  1 |
---------------+----+-----
Polearms       | 3 |  3.2
Fighting       | |  3.0
Armour         | |  1.7
Dodging        | |  0.8

Action                     || total
---------------------------++-------
  Melee: Spear             ||    16
   Stab: Confused          ||     1
 Armour: Leather armour    ||     5
  Dodge: Dodged            ||     2
